| 
	| TOP OF THE 1ST | 
|---|
 
		| Las Vegas 51s batting - Pitching for Memphis Redbirds : LHP Danny Rivera |  
		| Pitching: LHP Danny Rivera |  |  
		| Batting: SHB Jason Larson | 0-0: DOUBLE  (Flyball, 8LXD, EV 96.9 MPH) |  
		| Batting: LHB Adam Hairston | 0-0: Ball 1-0: Swinging Strike
 1-1: Foul Ball, location: 2F
 1-2: Foul Ball, location: 2F
 1-2: Ground out U3 (Groundball, 3L, EV 103.1 MPH)
 Jason Larson to third
 |  
		| Batting: RHB Josh Jones | 0-0: Ball 1-0: Called Strike
 1-1: Called Strike
 1-2: Ball
 2-2: Foul Ball, location: 2F
 2-2: Strikes out looking
 |  
		| Batting: SHB Nelson Powell | 0-0: Called Strike 0-1: Foul Ball, location: 2F
 0-2: Foul Ball, location: 2F
 0-2: Ground out 5-3 (Groundball, 56, EV 99.4 MPH)
 |  
		| Top of the 1st over - 0 runs, 1 hit, 0 errors, 1 left on base; Las Vegas 0 - Memphis 0 |  
	| BOTTOM OF THE 1ST | 
|---|
 
		| Memphis Redbirds batting - Pitching for Las Vegas 51s : LHP Mike Capers |  
		| Pitching: LHP Mike Capers |  |  
		| Batting: RHB Joe Smack | 0-0: Ball 1-0: Foul Ball, location: 2F
 1-1:  Fly out, F4  (Popup, 34S, EV 76.9 MPH)
 |  
		| Batting: SHB Dan Lash | 0-0: Ball 1-0: Called Strike
 1-1: Ball
 2-1: Swinging Strike
 2-2: Foul Ball, location: 2F
 2-2: Ball
 3-2: Strikes out swinging
 |  
		| Batting: RHB Jeff Brower | 0-0: SINGLE  (Groundball, 5S, EV 73.1 MPH) (infield hit) |  
		| Batting: RHB Danny Gallo | 0-0: Ball 1-0: Swinging Strike
 1-1: Swinging Strike
 1-2: Strikes out swinging
 |  
		| Bottom of the 1st over - 0 runs, 1 hit, 0 errors, 1 left on base; Las Vegas 0 - Memphis 0 |  
	| TOP OF THE 2ND | 
|---|
 
		| Las Vegas 51s batting - Pitching for Memphis Redbirds : LHP Danny Rivera |  
		| Batting: LHB Bill Armijo | 0-0: Ball 1-0: Called Strike
 1-1: Foul Ball, location: 2F
 1-2: Ball
 2-2: Ball
 3-2: Strikes out swinging, 2-3 out at first.
 |  
		| Batting: RHB Ken Fitzpatrick | 0-0: Ball 1-0: Foul Ball, location: 2F
 1-1: Ball
 2-1: Ground out 1-3 (Groundball, 15S, EV 71.9 MPH)
 |  
		| Batting: RHB Devine Adams | 0-0: Ball 1-0: Called Strike
 1-1: SINGLE  (Flyball, 34D, EV 95.6 MPH)
 |  
		| Batting: LHB Jose Chavez | 0-0: Called Strike 0-1: Ball
 1-1: Ball
 2-1: Ball
 3-1: Swinging Strike
 3-2: Ground out 4-3 (Groundball, 4MD, EV 101.9 MPH)
 |  
		| Top of the 2nd over - 0 runs, 1 hit, 0 errors, 1 left on base; Las Vegas 0 - Memphis 0 |  
	| BOTTOM OF THE 2ND | 
|---|
 
		| Memphis Redbirds batting - Pitching for Las Vegas 51s : LHP Mike Capers |  
		| Batting: RHB Josh Martin | 0-0: Ball 1-0:  Fly out, F9  (Flyball, 9D, EV 92.5 MPH)
 |  
		| Batting: RHB Dave Cluster | 0-0: Swinging Strike 0-1: Ball
 1-1: Swinging Strike
 1-2: Ball
 2-2: Ball
 3-2: Foul Ball, location: 2F
 3-2: Base on Balls
 |  
		| Batting: LHB Kyle Schaible | 0-0: Ball 1-0: Ball
 2-0:  Fly out, F8  (Flyball, 8LD, EV 98.8 MPH)
 |  
		| Batting: LHB John Bailey | 0-0: Called Strike 0-1: Foul Ball, location: 2F
 0-2: Strikes out swinging
 |  
		| Bottom of the 2nd over - 0 runs, 0 hits, 0 errors, 1 left on base; Las Vegas 0 - Memphis 0 |  
	| TOP OF THE 3RD | 
|---|
 
		| Las Vegas 51s batting - Pitching for Memphis Redbirds : LHP Danny Rivera |  
		| Batting: RHB Alex Vasquez | 0-0: Ball 1-0: Foul Ball, location: 2F
 1-1: DOUBLE  (Line Drive, 7LM, EV 106.2 MPH)
 |  
		| Batting: SHB Jason Larson | 0-0: Called Strike 0-1: Ball
 1-1: Called Strike
 1-2: Foul Ball, location: 2F
 1-2: Strikes out swinging
 |  
		| Batting: LHB Adam Hairston | 0-0: Ball 1-0: Foul Ball, location: 2F
 1-1: Ball
 2-1: Swinging Strike
 2-2: Strikes out looking
 |  
		| Batting: RHB Josh Jones | 0-0: Swinging Strike 0-1: Ball
 1-1: Foul Ball, location: 2F
 1-2: Foul Ball, location: 2F
 1-2: Foul Ball, location: 2F
 1-2: TRIPLE  (Line Drive, 89XD, EV 105.0 MPH)
 Alex Vasquez scores
 |  
		| Batting: SHB Nelson Powell | 0-0:  Fly out, F8  (Flyball, 8LM, EV 90.0 MPH) |  
		| Top of the 3rd over - 1 run, 2 hits, 0 errors, 1 left on base; Las Vegas 1 - Memphis 0 |  
	| BOTTOM OF THE 3RD | 
|---|
 
		| Memphis Redbirds batting - Pitching for Las Vegas 51s : LHP Mike Capers |  
		| Batting: LHB Adam Eisen | 0-0: Bunt missed! 0-1: SINGLE  (Groundball, 5D, EV 111.2 MPH)
 |  
		| Batting: RHB Joe Smack | 0-0: Ball 1-0: Called Strike
 1-1: Ball
 2-1: Grounds into double play, 4-6-3 (Groundball, 34, EV 91.9 MPH)
 |  
		| Batting: SHB Dan Lash | 0-0: Ball 1-0: Ball
 2-0: Called Strike
 2-1:  Fly out, F7  (Line Drive, 78M, EV 93.1 MPH)
 |  
		| Bottom of the 3rd over - 0 runs, 1 hit, 0 errors, 0 left on base; Las Vegas 1 - Memphis 0 |  
	| TOP OF THE 4TH | 
|---|
 
		| Las Vegas 51s batting - Pitching for Memphis Redbirds : LHP Danny Rivera |  
		| Batting: LHB Bill Armijo | 0-0: Called Strike 0-1: Ball
 1-1:  Fly out, F9  (Flyball, 89S, EV 83.1 MPH)
 |  
		| Batting: RHB Ken Fitzpatrick | 0-0: Called Strike 0-1: Ball
 1-1:  Fly out, F7  (Flyball, 78M, EV 75.6 MPH)
 |  
		| Batting: RHB Devine Adams | 0-0: Ball 1-0: Called Strike
 1-1: Swinging Strike
 1-2: Foul Ball, location: 2F
 1-2: Strikes out swinging
 |  
		| Top of the 4th over - 0 runs, 0 hits, 0 errors, 0 left on base; Las Vegas 1 - Memphis 0 |  
	| BOTTOM OF THE 4TH | 
|---|
 
		| Memphis Redbirds batting - Pitching for Las Vegas 51s : LHP Mike Capers |  
		| Batting: RHB Jeff Brower | 0-0: Called Strike 0-1: Foul Ball, location: 2F
 0-2: Ball
 1-2: Ball
 2-2: Ball
 3-2: Foul Ball, location: 2F
 3-2: Strikes out swinging
 |  
		| Batting: RHB Danny Gallo | 0-0: Swinging Strike 0-1: Foul Ball, location: 2F
 0-2: Ball
 1-2:  Fly out, F8  (Flyball, 8LXD, EV 95.6 MPH)
 |  
		| Batting: RHB Josh Martin | 0-0: Ball 1-0: Ball
 2-0: Foul Ball, location: 2F
 2-1: Swinging Strike
 2-2: Foul Ball, location: 2F
 2-2: Ball
 3-2: Foul Ball, location: 2F
 3-2: Ground out U3 (Groundball, 34, EV 87.5 MPH)
 |  
		| Bottom of the 4th over - 0 runs, 0 hits, 0 errors, 0 left on base; Las Vegas 1 - Memphis 0 |  
	| TOP OF THE 5TH | 
|---|
 
		| Las Vegas 51s batting - Pitching for Memphis Redbirds : LHP Danny Rivera |  
		| Batting: LHB Jose Chavez | 0-0: Called Strike 0-1: Reached on error, E6 (Groundball, 6, EV 78.8 MPH)
 |  
		| Batting: RHB Alex Vasquez | 0-0: Called Strike 0-1: Grounds into double play, 5-4-3 (Groundball, 56, EV 111.2 MPH)
 |  
		| Batting: SHB Jason Larson | 0-0: Ball 1-0: Foul Ball, location: 2F
 1-1: Ground out 4-3 (Groundball, 4, EV 81.9 MPH)
 |  
		| Top of the 5th over - 0 runs, 0 hits, 1 error, 0 left on base; Las Vegas 1 - Memphis 0 |  
	| BOTTOM OF THE 5TH | 
|---|
 
		| Memphis Redbirds batting - Pitching for Las Vegas 51s : LHP Mike Capers |  
		| Batting: RHB Dave Cluster | 0-0: Ground out U3 (Groundball, 34S, EV 91.2 MPH) |  
		| Batting: LHB Kyle Schaible | 0-0: Called Strike 0-1: Swinging Strike
 0-2: Foul Ball, location: 2F
 0-2: Ground out 4-3 (Groundball, 34, EV 107.5 MPH)
 |  
		| Batting: LHB John Bailey | 0-0: Ball 1-0: Called Strike
 1-1: Ball
 2-1: Ball
 3-1: Base on Balls
 |  
		| Batting: LHB Adam Eisen | 0-0: Called Strike 0-1: Called Strike
 0-2: Foul Ball, location: 2F
 0-2: Ball
 1-2: SINGLE  (Groundball, 34S, EV 73.1 MPH) (infield hit)
 John Bailey to second
 |  
		| Batting: RHB Joe Smack | 0-0: Called Strike 0-1: Ball
 1-1: Ball
 2-1: Ball
 3-1: Foul Ball, location: 2F
 3-2: Base on Balls
 John Bailey to third
 Adam Eisen to second
 |  
		| Batting: SHB Dan Lash | 0-0: Ball 1-0: Ball
 2-0: SINGLE  (Groundball, 6MD, EV 98.1 MPH)
 John Bailey scores
 Adam Eisen to third
 Joe Smack to second
 Runner from 3rd tries for Home, SAFE, throw by CF to home
 |  
		| Batting: RHB Jeff Brower | 0-0: Foul Ball, location: 2F 0-1: Foul Ball, location: 2F
 0-2: Ball
 1-2: Ball
 2-2: Fielders Choice at 2nd, U4 (Groundball, 4M, EV 86.2 MPH)
 |  
		| Bottom of the 5th over - 2 runs, 2 hits, 0 errors, 2 left on base; Las Vegas 1 - Memphis 2 |  
	| TOP OF THE 6TH | 
|---|
 
		| Las Vegas 51s batting - Pitching for Memphis Redbirds : LHP Danny Rivera |  
		| Batting: LHB Adam Hairston | 0-0: Ball 1-0: SINGLE  (Groundball, 56D, EV 95.6 MPH)
 |  
		| Batting: RHB Josh Jones | 0-0: Called Strike 0-1: Ball
 Pickoff Throw to First - Error! E1
 Adam Hairston to second
 1-1: Called Strike
 1-2: Foul Ball, location: 2F
 1-2: Ball
 2-2: Ball
 3-2: Base on Balls
 |  
		| Batting: SHB Nelson Powell | 0-0: Ball 1-0: Called Strike
 1-1: Ball
 2-1: Foul Ball, location: 2F
 2-2: Foul Ball, location: 2F
 2-2: Strikes out swinging
 |  
		| Batting: LHB Bill Armijo | 0-0: Called Strike 0-1: Foul Ball, location: 2F
 0-2: Strikes out swinging
 |  
		| Batting: RHB Ken Fitzpatrick | 0-0: Foul Ball, location: 2F 0-1: Fielders Choice at 2nd, 5-4 (Groundball, 5, EV 100.0 MPH)
 |  
		| Top of the 6th over - 0 runs, 1 hit, 1 error, 2 left on base; Las Vegas 1 - Memphis 2 |  
	| BOTTOM OF THE 6TH | 
|---|
 
		| Memphis Redbirds batting - Pitching for Las Vegas 51s : LHP Mike Capers |  
		| Batting: RHB Danny Gallo | 0-0: Foul Ball, location: 2F 0-1: Foul Ball, location: 2F
 0-2: Ball
 1-2: Ball
 2-2: Ball
 3-2: Base on Balls
 |  
		| Batting: RHB Josh Martin | 0-0: Swinging Strike 0-1: Called Strike
 0-2: Foul Ball, location: 2F
 0-2: Ball
 1-2: Ball
 2-2: Foul Ball, location: 2F
 2-2: Foul Ball, location: 2F
 2-2: Ball
 3-2: Foul Ball, location: 2F
 3-2: Base on Balls
 Danny Gallo to second
 |  
		| Pitching: RHP Austin Kuhn |  |  
		| Batting: RHB Dave Cluster | 0-0: Called Strike Danny Gallo is caught stealing 3rd base 2-5
 Josh Martin to second
 0-1: SINGLE  (Groundball, 4MD, EV 100.6 MPH)
 Josh Martin to third
 Runner from 3rd tries for Home, SAFE, throw by CF to home
 |  
		| Batting: LHB Kyle Schaible | 0-0: Ball Dave Cluster steals 2nd base
 1-0: Ball
 2-0: Ball
 3-0: Base on Balls
 |  
		| Batting: LHB John Bailey | 0-0: Ball 1-0: Ball
 2-0: Foul Ball, location: 2F
 2-1: Ball
 3-1: Base on Balls
 Dave Cluster to third
 Kyle Schaible to second
 |  
		| Batting: LHB Adam Eisen | 0-0: Foul Ball, location: 2F 0-1: Ball
 1-1: Foul Ball, location: 2F
 1-2: Strikes out swinging
 |  
		| Batting: RHB Joe Smack | 0-0: Foul Ball, location: 2F 0-1: Ball
 1-1: Ball
 2-1: Fielders Choice at 2nd, 6-4 (Groundball, 6, EV 84.4 MPH)
 |  
		| Bottom of the 6th over - 1 run, 1 hit, 0 errors, 3 left on base; Las Vegas 1 - Memphis 3 |  
	| TOP OF THE 7TH | 
|---|
 
		| Las Vegas 51s batting - Pitching for Memphis Redbirds : LHP Danny Rivera |  
		| Batting: RHB Devine Adams | 0-0: Ground out 6-3 (Groundball, 6, EV 83.8 MPH) |  
		| Batting: LHB Jose Chavez | 0-0: Ball 1-0: Ball
 2-0: Called Strike
 2-1: Foul Ball, location: 2F
 2-2:  Fly out, F7  (Flyball, 7LM, EV 107.5 MPH)
 |  
		| Batting: RHB Alex Vasquez | 0-0: Ball 1-0: Ball
 2-0: Called Strike
 2-1: Swinging Strike
 2-2: Ground out 6-3 (Groundball, 6, EV 87.5 MPH)
 |  
		| Top of the 7th over - 0 runs, 0 hits, 0 errors, 0 left on base; Las Vegas 1 - Memphis 3 |  
	| BOTTOM OF THE 7TH | 
|---|
 
		| Memphis Redbirds batting - Pitching for Las Vegas 51s : RHP Austin Kuhn |  
		| Batting: SHB Dan Lash | 0-0: Ball 1-0: Foul Ball, location: 2F
 1-1: Ball
 2-1: Foul Ball, location: 2F
 2-2: Foul Ball, location: 2F
 2-2: Ball
 3-2: Foul Ball, location: 2F
 3-2: Foul Ball, location: 2F
 3-2: Foul Ball, location: 2F
 3-2: Foul Ball, location: 2F
 3-2: Foul Ball, location: 2F
 3-2: DOUBLE  (Flyball, 8LD, EV 102.5 MPH)
 |  
		| Batting: RHB Jeff Brower | 0-0: Ball 1-0: SINGLE  (Groundball, 6MD, EV 111.9 MPH)
 Dan Lash to third
 Runner from 3rd tries for Home, SAFE, throw by CF to home
 Jeff Brower to second
 |  
		| Batting: RHB Danny Gallo | 0-0: Ball 1-0: Foul Ball, location: 2F
 1-1:  Fly out, F7  (Flyball, 7, EV 82.5 MPH)
 |  
		| Batting: RHB Josh Martin | 0-0: Ball 1-0: Foul Ball, location: 2F
 1-1: Swinging Strike
 1-2: Foul Ball, location: 2F
 1-2: Strikes out swinging
 |  
		| Batting: RHB Dave Cluster | 0-0: Foul Ball, location: 2F 0-1: Foul Ball, location: 2F
 0-2: Ball
 1-2: Strikes out swinging
 |  
		| Bottom of the 7th over - 1 run, 2 hits, 0 errors, 1 left on base; Las Vegas 1 - Memphis 4 |  
	| TOP OF THE 8TH | 
|---|
 
		| Las Vegas 51s batting - Pitching for Memphis Redbirds : LHP Danny Rivera |  
		| Pitching: RHP Pabiyan Vetlitsky |  |  
		| Batting: SHB Jason Larson | 0-0: Ball 1-0: Swinging Strike
 1-1: Ground out 5-3 (Groundball, 5, EV 95.0 MPH)
 |  
		| Batting: LHB Adam Hairston | 0-0: Called Strike 0-1: Called Strike
 0-2: Foul Ball, location: 2F
 0-2: Ball
 1-2: Ball
 2-2: Foul Ball, location: 2F
 2-2: Strikes out swinging
 |  
		| Batting: RHB Josh Jones | 0-0: Foul Ball, location: 2F 0-1: Ball
 1-1: SINGLE  (Groundball, 56D, EV 106.2 MPH)
 |  
		| Batting: SHB Nelson Powell | 0-0: Ball 1-0: Ball
 2-0:  Fly out, F8  (Line Drive, 8LD, EV 86.2 MPH)
 |  
		| Top of the 8th over - 0 runs, 1 hit, 0 errors, 1 left on base; Las Vegas 1 - Memphis 4 |  
	| BOTTOM OF THE 8TH | 
|---|
 
		| Memphis Redbirds batting - Pitching for Las Vegas 51s : RHP Austin Kuhn |  
		| Pitching: LHP Jonathan Gendron |  |  
		| Batting: LHB Kyle Schaible | 0-0: Ball 1-0: Foul Ball, location: 2F
 1-1: Swinging Strike
 1-2: Ball
 2-2: Ball
 3-2: SINGLE  (Groundball, 6D, EV 101.2 MPH)
 |  
		| Batting: LHB John Bailey | 0-0: Ball 1-0: Bunted foul
 1-1: Bunted foul
 1-2: Ball
 2-2: Foul Ball, location: 2F
 2-2: Foul Ball, location: 2F
 2-2: Ball
 3-2: Base on Balls
 Kyle Schaible to second
 |  
		| Batting: LHB Adam Eisen | 0-0: Sac Bunt to 2L - play at first, batter OUT! 2-3 Kyle Schaible to third
 John Bailey to second
 |  
		| Batting: RHB Joe Smack | 0-0: Ball 1-0: Called Strike
 1-1: Swinging Strike
 1-2: Strikes out swinging
 |  
		| Batting: SHB Dan Lash | 0-0: Ball 1-0: Called Strike
 1-1: DOUBLE  (Line Drive, 7LS, EV 101.2 MPH)
 Kyle Schaible scores
 John Bailey scores
 |  
		| Batting: RHB Jeff Brower | 0-0: Ball 1-0: Ball
 2-0: Ball
 3-0: Base on Balls
 |  
		| Batting: RHB Danny Gallo | 0-0: Ball 1-0: Fielders Choice at 2nd, U4 (Groundball, 4M, EV 97.5 MPH)
 |  
		| Bottom of the 8th over - 2 runs, 2 hits, 0 errors, 2 left on base; Las Vegas 1 - Memphis 6 |  
	| TOP OF THE 9TH | 
|---|
 
		| Las Vegas 51s batting - Pitching for Memphis Redbirds : RHP Pabiyan Vetlitsky |  
		| Batting: LHB Bill Armijo | 0-0: Ball 1-0: SINGLE  (Groundball, 34D, EV 100.0 MPH)
 |  
		| Batting: RHB Ken Fitzpatrick | 0-0: Fielders Choice at 2nd, 5-4 (Groundball, 56S, EV 82.5 MPH) |  
		| Batting: RHB Devine Adams | 0-0: Swinging Strike 0-1: SINGLE  (Line Drive, 7LS, EV 108.1 MPH)
 Ken Fitzpatrick to second
 |  
		| Batting: LHB Jose Chavez | 0-0: Ball 1-0: Swinging Strike
 1-1: Ball
 2-1: Foul Ball, location: 2F
 2-2: Ball
 Wild Pitch!
 Ken Fitzpatrick to third
 Devine Adams to second
 3-2: Base on Balls
 |  
		| Pitching: RHP Mike Pemble |  |  
		| Pinch Hitting: SHB Harrison Feist | 0-0: Called Strike 0-1: DOUBLE  (Line Drive, 7LM, EV 104.4 MPH)
 Ken Fitzpatrick scores
 Devine Adams scores
 Jose Chavez to third
 |  
		| Batting: SHB Jason Larson | 0-0: Called Strike 0-1: Foul Ball, location: 2F
 0-2: Ball
 1-2: Ball
 2-2: Strikes out looking
 |  
		| Batting: LHB Adam Hairston | 0-0: Ground out 4-3 (Groundball, 4M, EV 104.4 MPH) |  
		| Top of the 9th over - 2 runs, 3 hits, 0 errors, 2 left on base; Las Vegas 3 - Memphis 6 |  |